[ AOE2 MATCH · #478133927 ]
UnrankedSpanish vs Dravidians
[ REPLAY ANALYSIS · EXTRACTED FROM THE RECORDED GAME ]
Feudal
12:52
Castle
17:08
Imperial
—
| APM avg | 23.8 |
| APM peak | 51 |
| eAPM avg | 14.5 |
| Villagers / military | 86 / 28 |
Focus
⚔️ 22.2% · 🌾 77.8%
Conquistador ×18 · Mangonel ×9 · Fishing Ship ×6 · Scorpion ×1 · Unknown (2626) ×1
Feudal
14:08
Castle
18:48
Imperial
—
| APM avg | 40.3 |
| APM peak | 83 |
| eAPM avg | 28.6 |
| Villagers / military | 78 / 97 |
Focus
⚔️ 59.8% · 🌾 40.2%
Archer ×88 · Fishing Ship ×8 · Genoese Crossbowman ×6 · Mangonel ×3
Feudal
12:59
Castle
20:42
Imperial
—
| APM avg | 53.5 |
| APM peak | 102 |
| eAPM avg | 23.3 |
| Villagers / military | 110 / 87 |
Focus
⚔️ 24.4% · 🌾 75.6%
Skirmisher ×71 · Fishing Ship ×35 · Battle Elephant ×8 · Unknown (2626) ×6 · Elephant Archer ×5 · Mangonel ×3
Feudal
13:34
Castle
20:08
Imperial
37:59
| APM avg | 31.8 |
| APM peak | 200 |
| eAPM avg | 22.1 |
| Villagers / military | 156 / 61 |
Focus
⚔️ 24.0% · 🌾 76.0%
Fishing Ship ×36 · Skirmisher ×28 · Spearman ×18 · Iron Pagoda ×6 · Knight ×3 · Scout Cavalry ×3
Match map
Initial resources + every placement click. Lines = walls · curves = elevation contours. ◆ gold · ⬟ stone · ● berries · ✦ relic · ◌ wall gap
Your base· Open — 6t gap
francopasini3's base· Open — 14t gap
阿吉's base· Open — unwalled flank
Martin's base· Open — 4t gap
Smoothed initial terrain · ◌ = detected wall gap · hover for details
Inputs per minute
— AAOE | khermir - - francopasini3
Build order — AAOE | khermir
First 150 of 208 actions detected
| 0:02 | Build | House |
| 0:26 | Build | Town Center |
| 0:52 | Build | Dock |
| 2:35 | Queue | Villager (Male) |
| 2:35 | Queue | Villager (Male) ×3 |
| 3:28 | Queue | Villager (Male) |
| 3:35 | Queue | Fishing Ship |
| 4:34 | Build | House |
| 4:41 | Queue | Fishing Ship |
| 4:48 | Research | Loom |
| 5:01 | Queue | Villager (Male) |
| 5:31 | Queue | Fishing Ship |
| 5:49 | Queue | Villager (Male) |
| 6:10 | Queue | Villager (Male) |
| 6:11 | Queue | Villager (Male) |
| 6:20 | Build | House |
| 7:00 | Queue | Villager (Male) |
| 7:06 | Build | House |
| 7:29 | Queue | Villager (Male) |
| 7:29 | Queue | Villager (Male) |
| 7:29 | Queue | Villager (Male) |
| 7:31 | Queue | Villager (Male) |
| 8:04 | Queue | Villager (Male) |
| 8:10 | Queue | Fishing Ship |
| 8:25 | Queue | Villager (Male) |
| 8:42 | Queue | Villager (Male) |
| 8:57 | Queue | Fishing Ship |
| 9:34 | Queue | Fishing Ship |
| 9:47 | Queue | Villager (Male) |
| 9:56 | Build | Mill |
| 10:30 | Build | House |
| 10:42 | Research | Feudal Age |
| 11:54 | Queue | Villager (Male) |
| 11:55 | Queue | Villager (Male) |
| 12:30 | Build | House |
| 12:52 | Age | Feudal Age |
| 12:56 | Build | Market |
| 12:59 | Build | Blacksmith |
| 13:40 | Build | Mill |
| 13:45 | Queue | Villager (Male) |
| 14:28 | Research | Castle Age |
| 14:40 | Build | Mining Camp |
| 15:34 | Queue | Unit 2626 |
| 16:50 | Queue | Villager (Male) |
| 16:51 | Queue | Villager (Male) |
| 17:08 | Age | Castle Age |
| 17:48 | Build | Castle |
| 17:50 | Build | Town Center |
| 17:51 | Queue | Villager (Male) |
| 18:19 | Queue | Villager (Male) |
| 18:40 | Queue | Villager (Male) |
| 18:50 | Build | Lumber Camp |
| 19:02 | Queue | Villager (Male) |
| 19:32 | Build | Mill |
| 19:36 | Queue | Villager (Male) |
| 19:39 | Queue | Conquistador |
| 20:35 | Queue | Conquistador |
| 20:40 | Queue | Conquistador |
| 20:42 | Queue | Villager (Male) |
| 21:07 | Queue | Conquistador |
| 21:23 | Queue | Villager (Male) |
| 21:27 | Queue | Conquistador |
| 21:43 | Queue | Villager (Male) |
| 21:47 | Build | Barracks |
| 22:10 | Queue | Conquistador |
| 23:05 | Queue | Conquistador |
| 23:05 | Queue | Villager (Male) |
| 23:06 | Queue | Conquistador |
| 23:07 | Queue | Conquistador |
| 23:19 | Build | Siege Workshop |
| 23:22 | Queue | Villager (Male) |
| 23:50 | Queue | Villager (Male) |
| 23:51 | Queue | Villager (Male) |
| 24:13 | Queue | Villager (Male) |
| 24:19 | Build | Farm |
| 24:27 | Queue | Villager (Male) |
| 24:30 | Queue | Conquistador |
| 24:33 | Queue | Villager (Male) |
| 24:36 | Build | Farm |
| 24:37 | Build | Farm |
| 24:37 | Build | Farm |
| 24:37 | Build | Farm |
| 24:38 | Build | Farm |
| 24:54 | Queue | Villager (Male) |
| 24:58 | Build | Farm |
| 24:59 | Queue | Mangonel |
| 25:15 | Queue | Villager (Male) |
| 26:02 | Queue | Villager (Male) |
| 26:12 | Queue | Villager (Male) |
| 26:16 | Queue | Mangonel |
| 26:32 | Queue | Villager (Male) |
| 26:44 | Queue | Villager (Male) |
| 26:57 | Queue | Villager (Male) |
| 27:03 | Queue | Mangonel |
| 27:13 | Queue | Villager (Male) |
| 27:17 | Build | Town Center |
| 27:45 | Queue | Villager (Male) |
| 28:02 | Build | House |
| 28:25 | Queue | Conquistador |
| 28:25 | Queue | Villager (Male) |
| 28:30 | Build | Mill |
| 28:30 | Build | Farm |
| 28:31 | Build | Farm |
| 28:31 | Build | Farm |
| 28:31 | Build | Farm |
| 28:31 | Build | Farm |
| 28:32 | Build | Farm |
| 28:32 | Build | Farm |
| 28:52 | Queue | Villager (Male) |
| 28:56 | Build | Farm |
| 29:00 | Build | Stone Wall |
| 29:06 | Queue | Villager (Male) |
| 29:20 | Build | Farm |
| 29:22 | Build | Farm |
| 29:31 | Build | Outpost |
| 29:46 | Queue | Villager (Male) |
| 29:50 | Queue | Mangonel |
| 29:59 | Queue | Villager (Male) |
| 30:03 | Build | Farm |
| 30:05 | Build | Farm |
| 30:12 | Research | Double-Bit Axe |
| 30:17 | Build | Outpost |
| 30:18 | Queue | Villager (Male) |
| 30:56 | Queue | Villager (Male) |
| 31:01 | Queue | Mangonel |
| 31:31 | Queue | Villager (Male) |
| 31:32 | Queue | Villager (Male) |
| 31:58 | Queue | Villager (Male) |
| 31:58 | Queue | Villager (Male) |
| 31:58 | Queue | Villager (Male) |
| 31:59 | Queue | Conquistador |
| 31:59 | Queue | Conquistador |
| 32:00 | Queue | Conquistador |
| 32:14 | Queue | Conquistador |
| 32:14 | Queue | Conquistador |
| 32:24 | Queue | Villager (Male) |
| 32:25 | Queue | Villager (Male) |
| 32:57 | Queue | Villager (Male) |
| 33:13 | Queue | Mangonel |
| 33:17 | Queue | Villager (Male) |
| 33:20 | Build | Farm |
| 33:32 | Queue | Villager (Male) |
| 33:33 | Queue | Villager (Male) |
| 33:35 | Queue | Villager (Male) |
| 34:10 | Queue | Villager (Male) |
| 34:15 | Queue | Mangonel |
| 34:39 | Research | Fletching |
| 34:45 | Queue | Mangonel |
| 34:52 | Build | Mill |
| 34:52 | Build | Farm |
Build order — francopasini3
First 150 of 271 actions detected
| 0:21 | Build | House |
| 0:27 | Build | House |
| 0:57 | Build | Town Center |
| 2:16 | Build | Dock |
| 3:08 | Queue | Villager (Male) |
| 3:08 | Queue | Villager (Male) |
| 3:09 | Queue | Villager (Male) |
| 3:09 | Queue | Villager (Male) |
| 3:10 | Queue | Villager (Male) |
| 4:54 | Queue | Fishing Ship |
| 4:54 | Queue | Fishing Ship |
| 5:05 | Queue | Villager (Male) |
| 5:06 | Queue | Villager (Male) |
| 5:45 | Queue | Villager (Male) |
| 6:08 | Queue | Villager (Male) |
| 6:39 | Queue | Villager (Male) |
| 6:43 | Queue | Fishing Ship |
| 6:47 | Queue | Fishing Ship |
| 6:59 | Research | Loom |
| 7:03 | Queue | Villager (Male) |
| 7:03 | Research | Loom |
| 7:32 | Build | Lumber Camp |
| 7:44 | Queue | Villager (Male) |
| 7:44 | Queue | Villager (Male) |
| 8:00 | Build | House |
| 8:43 | Queue | Villager (Male) |
| 8:44 | Queue | Villager (Male) |
| 8:48 | Queue | Villager (Male) |
| 8:48 | Queue | Villager (Male) |
| 9:03 | Queue | Villager (Male) |
| 9:23 | Build | Mill |
| 9:37 | Queue | Villager (Male) |
| 9:37 | Queue | Villager (Male) |
| 9:44 | Queue | Villager (Male) |
| 9:50 | Queue | Fishing Ship |
| 10:18 | Build | House |
| 10:24 | Build | Palisade Wall |
| 10:52 | Queue | Villager (Male) |
| 11:04 | Queue | Villager (Male) |
| 11:53 | Research | Feudal Age |
| 11:59 | Queue | Villager (Male) |
| 12:33 | Queue | Fishing Ship |
| 12:47 | Queue | Fishing Ship |
| 13:11 | Build | Mill |
| 14:08 | Age | Feudal Age |
| 14:19 | Build | House |
| 14:34 | Build | House |
| 14:37 | Build | Blacksmith |
| 14:42 | Build | Market |
| 15:18 | Queue | Villager (Male) |
| 15:20 | Queue | Villager (Male) |
| 15:48 | Queue | Villager (Male) |
| 16:08 | Research | Castle Age |
| 16:23 | Build | Barracks |
| 16:36 | Queue | Villager (Male) |
| 16:36 | Queue | Villager (Male) |
| 16:47 | Research | Double-Bit Axe |
| 16:49 | Research | Horse Collar |
| 17:36 | Build | Archery Range |
| 18:18 | Build | Archery Range |
| 18:37 | Queue | Villager (Male) |
| 18:48 | Age | Castle Age |
| 18:55 | Queue | Villager (Male) |
| 19:01 | Research | Crossbowman (upgrade) |
| 19:03 | Queue | Archer |
| 19:03 | Queue | Archer |
| 19:04 | Queue | Archer |
| 19:04 | Queue | Archer |
| 19:36 | Queue | Archer |
| 19:41 | Research | Padded Archer Armor |
| 19:54 | Build | Mining Camp |
| 20:07 | Queue | Villager (Male) |
| 20:18 | Queue | Fishing Ship |
| 20:29 | Build | House |
| 20:36 | Build | House |
| 20:39 | Queue | Archer |
| 20:39 | Queue | Archer |
| 20:54 | Queue | Villager (Male) |
| 20:54 | Queue | Villager (Male) |
| 20:59 | Queue | Archer |
| 21:00 | Queue | Archer |
| 21:00 | Queue | Archer |
| 21:13 | Queue | Archer |
| 21:25 | Build | Lumber Camp |
| 21:47 | Queue | Archer |
| 21:47 | Queue | Archer |
| 21:47 | Queue | Archer |
| 21:53 | Queue | Archer |
| 21:53 | Queue | Archer |
| 21:55 | Queue | Villager (Male) |
| 22:00 | Queue | Villager (Male) |
| 22:00 | Queue | Villager (Male) |
| 22:23 | Queue | Villager (Male) |
| 22:42 | Build | Farm |
| 22:42 | Build | Farm |
| 22:42 | Build | Farm |
| 22:43 | Build | Farm |
| 22:43 | Build | Farm |
| 22:43 | Build | Farm |
| 22:59 | Build | Farm |
| 23:06 | Research | Fletching |
| 23:14 | Build | House |
| 23:16 | Build | House |
| 23:24 | Build | Town Center |
| 23:36 | Build | Mining Camp |
| 23:53 | Queue | Villager (Male) |
| 23:53 | Queue | Villager (Male) |
| 23:55 | Queue | Archer |
| 23:56 | Queue | Archer |
| 23:56 | Queue | Archer |
| 23:57 | Queue | Archer |
| 23:57 | Queue | Archer |
| 23:58 | Queue | Archer |
| 24:00 | Queue | Villager (Male) |
| 24:06 | Build | House |
| 24:29 | Queue | Villager (Male) |
| 24:30 | Queue | Villager (Male) |
| 24:50 | Queue | Archer |
| 24:50 | Queue | Archer |
| 24:51 | Queue | Archer |
| 25:00 | Queue | Villager (Male) |
| 25:00 | Queue | Villager (Male) |
| 25:38 | Build | House |
| 25:42 | Build | House |
| 25:44 | Build | House |
| 25:59 | Build | University |
| 26:05 | Queue | Villager (Male) |
| 26:13 | Build | Farm |
| 26:14 | Build | Farm |
| 26:14 | Build | Farm |
| 26:19 | Queue | Villager (Male) |
| 26:19 | Queue | Villager (Male) |
| 26:20 | Queue | Villager (Male) |
| 26:31 | Queue | Villager (Male) |
| 26:31 | Queue | Villager (Male) |
| 26:33 | Queue | Archer |
| 26:33 | Queue | Archer |
| 26:33 | Queue | Archer |
| 26:34 | Queue | Archer |
| 26:50 | Build | House |
| 26:50 | Build | House |
| 26:51 | Build | House |
| 26:51 | Build | House |
| 26:54 | Queue | Villager (Male) |
| 26:54 | Queue | Villager (Male) |
| 26:55 | Queue | Villager (Male) |
| 27:19 | Queue | Archer |
| 27:20 | Queue | Archer |
| 27:20 | Queue | Archer |
| 27:21 | Queue | Archer |
Build order — 阿吉
First 150 of 372 actions detected
| 0:27 | Build | Town Center |
| 1:00 | Build | Dock |
| 2:49 | Queue | Villager (Male) |
| 2:50 | Queue | Villager (Male) |
| 2:50 | Queue | Villager (Male) |
| 2:50 | Queue | Villager (Male) |
| 3:35 | Queue | Fishing Ship |
| 3:35 | Queue | Fishing Ship |
| 3:35 | Queue | Fishing Ship |
| 3:50 | Queue | Villager (Male) |
| 3:50 | Queue | Villager (Male) |
| 4:38 | Build | House |
| 5:12 | Queue | Fishing Ship |
| 5:12 | Queue | Fishing Ship |
| 5:27 | Queue | Villager (Male) |
| 5:28 | Queue | Villager (Male) |
| 5:34 | Queue | Villager (Male) |
| 5:54 | Queue | Fishing Ship |
| 5:54 | Queue | Fishing Ship |
| 6:19 | Queue | Villager (Male) |
| 6:20 | Queue | Villager (Male) |
| 6:39 | Research | Loom |
| 6:43 | Queue | Villager (Male) |
| 6:44 | Queue | Villager (Male) |
| 6:47 | Queue | Fishing Ship |
| 6:54 | Build | House |
| 7:17 | Queue | Villager (Male) |
| 7:19 | Queue | Fishing Ship |
| 7:50 | Queue | Villager (Male) |
| 7:51 | Queue | Villager (Male) |
| 7:59 | Build | House |
| 8:00 | Queue | Villager (Male) |
| 8:19 | Queue | Villager (Male) |
| 8:35 | Queue | Fishing Ship |
| 8:43 | Queue | Villager (Male) |
| 9:01 | Build | Mining Camp |
| 9:17 | Queue | Villager (Male) |
| 9:40 | Queue | Villager (Male) |
| 10:08 | Queue | Fishing Ship |
| 10:24 | Build | House |
| 10:49 | Research | Feudal Age |
| 10:56 | Build | Dock |
| 11:00 | Build | House |
| 11:42 | Queue | Fishing Ship |
| 12:12 | Queue | Fishing Ship |
| 12:24 | Queue | Villager (Male) |
| 12:48 | Queue | Villager (Male) |
| 12:59 | Age | Feudal Age |
| 13:02 | Queue | Unit 2626 |
| 13:03 | Queue | Unit 2626 |
| 13:05 | Queue | Villager (Male) |
| 13:08 | Queue | Fishing Ship |
| 13:13 | Queue | Villager (Male) |
| 13:37 | Build | Dock |
| 13:41 | Queue | Villager (Male) |
| 13:46 | Build | Blacksmith |
| 14:03 | Queue | Unit 2626 |
| 14:22 | Build | House |
| 14:25 | Queue | Unit 2626 |
| 14:38 | Queue | Unit 2626 |
| 14:39 | Queue | Unit 2626 |
| 14:58 | Queue | Villager (Male) |
| 15:01 | Research | Fletching |
| 15:15 | Build | House |
| 15:16 | Build | House |
| 15:16 | Build | House |
| 15:16 | Build | House |
| 15:17 | Build | House |
| 15:17 | Build | House |
| 15:56 | Queue | Villager (Male) |
| 16:06 | Build | Mill |
| 16:25 | Queue | Villager (Male) |
| 16:25 | Queue | Villager (Male) |
| 16:39 | Build | Dock |
| 16:45 | Build | House |
| 17:13 | Queue | Villager (Male) |
| 17:18 | Build | Market |
| 17:32 | Queue | Fishing Ship |
| 17:32 | Queue | Fishing Ship |
| 17:35 | Build | House |
| 17:53 | Queue | Fishing Ship |
| 18:02 | Research | Castle Age |
| 18:06 | Build | Lumber Camp |
| 18:16 | Queue | Villager (Male) |
| 18:22 | Build | House |
| 18:55 | Research | Double-Bit Axe |
| 19:01 | Queue | Fishing Ship |
| 19:28 | Queue | Fishing Ship |
| 19:37 | Build | Barracks |
| 20:08 | Queue | Fishing Ship |
| 20:42 | Age | Castle Age |
| 20:53 | Build | Town Center |
| 21:03 | Build | Town Center |
| 21:04 | Queue | Villager (Male) |
| 21:07 | Research | Bodkin Arrow |
| 21:13 | Research | War Galley (upgrade) |
| 21:16 | Queue | Villager (Male) |
| 21:22 | Research | Padded Archer Armor |
| 21:37 | Queue | Fishing Ship |
| 21:46 | Queue | Villager (Male) |
| 21:52 | Research | Gold Mining |
| 21:56 | Queue | Villager (Male) |
| 21:57 | Queue | Villager (Male) |
| 21:57 | Queue | Villager (Male) |
| 22:00 | Queue | Villager (Male) |
| 22:00 | Queue | Villager (Male) |
| 22:10 | Queue | Villager (Male) |
| 22:15 | Build | Archery Range |
| 22:19 | Queue | Villager (Male) |
| 22:21 | Queue | Fishing Ship |
| 22:50 | Queue | Villager (Male) |
| 22:50 | Queue | Villager (Male) |
| 22:51 | Queue | Villager (Male) |
| 22:55 | Queue | Villager (Male) |
| 22:55 | Queue | Villager (Male) |
| 23:00 | Build | Archery Range |
| 23:02 | Queue | Elephant Archer |
| 23:05 | Research | Leather Archer Armor |
| 23:07 | Queue | Villager (Male) |
| 23:15 | Queue | Villager (Male) |
| 23:29 | Queue | Villager (Male) |
| 23:30 | Queue | Villager (Male) |
| 23:35 | Queue | Fishing Ship |
| 23:39 | Queue | Villager (Male) |
| 23:44 | Build | Archery Range |
| 23:45 | Research | Pikeman (upgrade) |
| 23:48 | Queue | Elephant Archer |
| 23:49 | Queue | Elephant Archer |
| 23:49 | Queue | Elephant Archer |
| 23:49 | Queue | Elephant Archer |
| 24:13 | Queue | Villager (Male) |
| 24:20 | Research | Elite Skirmisher (upgrade) |
| 24:34 | Build | Lumber Camp |
| 24:37 | Queue | Villager (Male) |
| 24:38 | Queue | Villager (Male) |
| 24:48 | Build | House |
| 24:49 | Build | House |
| 24:49 | Build | House |
| 24:49 | Build | House |
| 24:50 | Build | House |
| 24:50 | Build | House |
| 24:55 | Queue | Skirmisher |
| 24:55 | Queue | Skirmisher |
| 24:55 | Queue | Skirmisher |
| 24:56 | Queue | Skirmisher |
| 24:56 | Queue | Skirmisher |
| 24:56 | Queue | Skirmisher |
| 24:57 | Queue | Skirmisher |
| 25:03 | Queue | Villager (Male) |
| 25:12 | Queue | Villager (Male) |
Build order — Martin
First 150 of 349 actions detected
| 0:05 | Build | Town Center |
| 0:32 | Build | Dock |
| 0:35 | Build | House |
| 2:29 | Queue | Villager (Male) |
| 2:29 | Queue | Villager (Male) |
| 2:29 | Queue | Villager (Male) |
| 2:29 | Queue | Villager (Male) |
| 2:29 | Queue | Villager (Male) |
| 2:29 | Queue | Villager (Male) |
| 2:30 | Queue | Villager (Male) |
| 2:30 | Queue | Villager (Male) |
| 3:28 | Queue | Fishing Ship |
| 3:38 | Queue | Villager (Male) |
| 3:39 | Queue | Villager (Male) |
| 3:39 | Queue | Villager (Male) |
| 3:39 | Queue | Villager (Male) |
| 4:15 | Research | Loom |
| 4:23 | Queue | Fishing Ship |
| 4:45 | Build | House |
| 4:59 | Queue | Villager (Male) |
| 4:59 | Queue | Villager (Male) |
| 5:00 | Queue | Villager (Male) |
| 5:00 | Queue | Villager (Male) |
| 5:23 | Queue | Villager (Male) |
| 5:23 | Queue | Villager (Male) |
| 5:47 | Queue | Fishing Ship |
| 5:50 | Queue | Villager (Male) |
| 5:50 | Queue | Villager (Male) |
| 5:59 | Build | House |
| 6:22 | Queue | Fishing Ship |
| 6:33 | Build | House |
| 6:51 | Queue | Villager (Male) |
| 6:52 | Queue | Villager (Male) |
| 6:52 | Queue | Villager (Male) |
| 6:52 | Queue | Villager (Male) |
| 6:52 | Queue | Villager (Male) |
| 6:53 | Queue | Fishing Ship |
| 7:21 | Queue | Fishing Ship |
| 7:41 | Queue | Villager (Male) |
| 7:41 | Queue | Villager (Male) |
| 7:45 | Queue | Fishing Ship |
| 8:08 | Queue | Villager (Male) |
| 8:09 | Queue | Villager (Male) |
| 8:11 | Build | Lumber Camp |
| 8:13 | Queue | Villager (Male) |
| 8:14 | Queue | Villager (Male) |
| 8:14 | Queue | Villager (Male) |
| 8:24 | Queue | Villager (Male) |
| 8:30 | Queue | Fishing Ship |
| 8:51 | Queue | Villager (Male) |
| 9:09 | Queue | Fishing Ship |
| 9:42 | Queue | Villager (Male) |
| 9:43 | Queue | Fishing Ship |
| 10:01 | Queue | Villager (Male) |
| 10:26 | Queue | Villager (Male) |
| 10:35 | Build | Mill |
| 10:42 | Queue | Fishing Ship |
| 11:06 | Queue | Villager (Male) |
| 11:17 | Build | House |
| 11:24 | Research | Feudal Age |
| 11:39 | Queue | Fishing Ship |
| 11:51 | Build | Dock |
| 11:57 | Queue | Fishing Ship |
| 11:59 | Queue | Villager (Male) |
| 12:20 | Queue | Fishing Ship |
| 12:41 | Queue | Fishing Ship |
| 12:45 | Queue | Fishing Ship |
| 13:25 | Queue | Fishing Ship |
| 13:34 | Age | Feudal Age |
| 13:39 | Research | Double-Bit Axe |
| 13:42 | Queue | Villager (Male) |
| 13:42 | Queue | Villager (Male) |
| 13:42 | Queue | Villager (Male) |
| 13:45 | Queue | Villager (Male) |
| 13:52 | Queue | Fishing Ship |
| 14:19 | Queue | Fishing Ship |
| 14:32 | Build | House |
| 14:34 | Build | House |
| 14:45 | Build | House |
| 14:58 | Research | Wheelbarrow |
| 15:32 | Build | Blacksmith |
| 15:42 | Build | Blacksmith |
| 15:46 | Queue | Villager (Male) |
| 15:53 | Queue | Fishing Ship |
| 15:53 | Queue | Fishing Ship |
| 15:57 | Queue | Villager (Male) |
| 16:34 | Build | Market |
| 16:39 | Queue | Villager (Male) |
| 17:03 | Build | Mining Camp |
| 17:08 | Queue | Villager (Male) |
| 17:18 | Research | Castle Age |
| 17:29 | Build | Barracks |
| 17:31 | Queue | Villager (Male) |
| 17:48 | Research | Stone Mining |
| 17:52 | Research | Fletching |
| 17:53 | Research | Forging |
| 17:55 | Queue | Villager (Male) |
| 18:25 | Queue | Villager (Male) |
| 18:30 | Build | Stable |
| 18:38 | Queue | Villager (Male) |
| 18:43 | Build | Fish Trap |
| 19:28 | Queue | Villager (Male) |
| 19:40 | Build | Dock |
| 20:08 | Age | Castle Age |
| 20:16 | Build | Town Center |
| 20:33 | Build | Town Center |
| 20:37 | Queue | Villager (Male) |
| 20:38 | Queue | Villager (Male) |
| 20:38 | Queue | Villager (Male) |
| 20:43 | Queue | Knight |
| 20:43 | Queue | Knight |
| 20:43 | Queue | Knight |
| 20:54 | Research | Bow Saw |
| 20:55 | Research | Bow Saw |
| 20:55 | Research | Bow Saw |
| 21:06 | Queue | Villager (Male) |
| 21:07 | Queue | Villager (Male) |
| 21:07 | Queue | Villager (Male) |
| 21:07 | Queue | Villager (Male) |
| 21:23 | Build | University |
| 21:27 | Build | Monastery |
| 21:33 | Queue | Fishing Ship |
| 21:34 | Queue | Fishing Ship |
| 21:34 | Queue | Fishing Ship |
| 21:47 | Research | Husbandry |
| 21:51 | Queue | Spearman |
| 21:53 | Queue | Villager (Male) |
| 21:53 | Queue | Villager (Male) |
| 21:53 | Queue | Villager (Male) |
| 21:54 | Queue | Villager (Male) |
| 22:19 | Build | Mining Camp |
| 22:24 | Queue | Villager (Male) |
| 22:24 | Queue | Villager (Male) |
| 22:25 | Queue | Villager (Male) |
| 22:25 | Queue | Villager (Male) |
| 22:25 | Queue | Villager (Male) |
| 22:44 | Queue | Fishing Ship |
| 22:44 | Queue | Fishing Ship |
| 23:01 | Build | Archery Range |
| 23:57 | Queue | Skirmisher |
| 23:57 | Queue | Skirmisher |
| 23:58 | Queue | Skirmisher |
| 23:58 | Queue | Skirmisher |
| 23:58 | Queue | Skirmisher |
| 24:04 | Build | Siege Workshop |
| 24:16 | Queue | Villager (Male) |
| 24:16 | Queue | Villager (Male) |
| 24:17 | Queue | Villager (Male) |
| 24:17 | Queue | Villager (Male) |
| 24:17 | Queue | Villager (Male) |
Match timeline
| 0:32 | Martin · first_building Dock |
| 0:52 | AAOE | khermir · first_building Dock |
| 1:00 | 阿吉 · first_building Dock |
| 2:16 | francopasini3 · first_building Dock |
| 10:24 | francopasini3 · wall_segment Palisade Wall x1 |
| 12:52 | AAOE | khermir · age_up feudal |
| 12:59 | 阿吉 · age_up feudal |
| 13:34 | Martin · age_up feudal |
| 14:08 | francopasini3 · age_up feudal |
| 14:10 | AAOE | khermir · first_market_sell 100 wood |
| 14:12 | AAOE | khermir · first_market_buy 100 food |
| 16:23 | francopasini3 · first_building Barracks |
| 17:08 | AAOE | khermir · age_up castle |
| 17:29 | Martin · first_building Barracks |
| 17:36 | francopasini3 · first_building Archery Range |
| 17:48 | AAOE | khermir · first_building Castle |
| 18:30 | Martin · first_building Stable |
| 18:48 | francopasini3 · age_up castle |
| 19:37 | 阿吉 · first_building Barracks |
| 20:08 | Martin · age_up castle |
| 20:42 | 阿吉 · age_up castle |
| 21:27 | Martin · first_building Monastery |
| 21:47 | AAOE | khermir · first_building Barracks |
| 22:15 | 阿吉 · first_building Archery Range |
| 23:01 | Martin · first_building Archery Range |
| 23:19 | AAOE | khermir · first_building Siege Workshop |
| 24:04 | Martin · first_building Siege Workshop |
| 25:01 | Martin · wall_segment Stone Wall x1 |
| 25:44 | Martin · first_market_sell 100 wood |
| 26:44 | Martin · first_building Castle |
| 27:05 | 阿吉 · wall_segment Stone Wall x8 |
| 28:53 | 阿吉 · first_building Siege Workshop |
| 29:00 | AAOE | khermir · wall_segment Stone Wall x13 |
| 29:01 | 阿吉 · first_building Castle |
| 30:09 | 阿吉 · first_building Stable |
| 30:18 | francopasini3 · first_market_buy 100 stone |
| 30:29 | francopasini3 · first_building Castle |
| 35:09 | 阿吉 · first_market_sell 100 wood |
| 35:12 | 阿吉 · first_market_buy 100 food |
| 36:35 | francopasini3 · first_building Siege Workshop |
| 37:29 | AAOE | khermir · first_building Stable |
| 37:59 | Martin · age_up imperial |
| 39:36 | francopasini3 · resign |
[ AI ANALYSIS · 1 CREDIT ]
What really happened in this match?
Wolo.gg analyzes every decision: build order, eco, micro, common mistakes by bracket. Personalized analysis on WhatsApp or Discord in 30 seconds.
Civ guide
Spanish
Perfil
Jugador #287685